[Event "44th Chess Olympiad Open 2022"]
[Site "Chennai"]
[Date "2022.08.01"]
[Round "4.19"]
[White "Ungurs, Edgars"]
[Black "Haubro, Martin"]
[Result "1-0"]
[WhiteElo "2206"]
[BlackElo "2411"]
[Annotator "TA"]
[PlyCount "117"]
[EventDate "2022.??.??"]
[TimeControl "60"]

1. e4 e5 2. Nf3 Nc6 3. Bb5 a6 4. Ba4 Nf6 5. O-O Be7 6. d3 b5 7. Bb3 d6 8. a4 Bd7 9. Bd2 {[%emt 0:01:33] C84: Closed Ruy Lopez: Unusual White 6th moves.} O-O 10. axb5 {[%emt 0:00:59] 10.h3 might become the main line.}
axb5 11. Nc3 {[%emt 0:00:17] The position is equal.} Na5 12. Nd5 Nxd5 13. Bxd5 c6 14. Ba2 Nb7 15. b4 Kh8 {[%emt 0:11:16] [#]} 16. Qe2 $146 ({Predecessor:} 16. c4 bxc4 17. Bxc4 Bg4 18. Rxa8 Qxa8 19. h3 Bh5 20. g4
Bg6 21. Qa1 Rb8 22. Rb1 {1-0 (77) Kobalia,M (2634)-Korotylev,A (2616)
Krasnoyarsk 2007}) 16... f5 17. h3 Qe8 18. Bb3 Qg6 19. Rxa8 (19. Kh2 {keeps more tension.} Qh5 20. Rxa8 Rxa8 21. exf5 Bxf5
22. Re1) 19... Rxa8 20. Kh1 Nd8 21. Re1 (21. exf5 {looks sharper.} Bxf5 22. Nd4 Bf6 23.
Nxf5 Qxf5 24. d4) 21... fxe4 22. dxe4 Ne6 23. Qd3 {[%emt 0:02:41] aiming for Nxe5.} Qe8 24. Be3 h6 25. Rd1 Nf8 26. Ng1 Be6 27. Ne2 Qf7 28. Bxe6 Qxe6 29. Ng3 Bf6 (29... Rd8 $1 $11 {keeps the balance.}) 30. Bb6 ({
White should try} 30. Qxd6 Rd8 31. Qxd8 Bxd8 32. Rxd8) 30... Bd8 31. Bxd8 Rxd8 32. Ra1 Ng6 33. Ra7 Rd7 34. Ra6 Ne7 35. Nf5 Qf6 (35... Nxf5 36. exf5 Qd5 37. Qxd5 cxd5 38. c3 $16) 36. Nxe7 {[%emt 0:00:
00] 0x0.0005eb40a673dp-1022s more active pieces.} Rxe7 $14 {[%emt 0:00:05]
Endgame KQR-KQR} 37. f3 Rc7 38. Ra8+ Kh7 39. Qb3 Qf4 40. Qg8+ Kg6 41. Qe6+ Qf6 42. Re8 h5 (42... Qxe6
$1 $14 43. Rxe6+ Kf7 44. Rxd6 Ke7) 43. Qb3 Re7 {[%emt 0:04:05]
Against Re6} 44. Rc8 Ra7 {[%emt 0:06:22] [#] ( -> ...Ra1+)}
45. Qc3 {[%emt 0:00:53] Inhibits Ra1+.} (45. Rxc6 Ra1+) 45... Qf4 {[%emt 0:00:
54] ...Qc1+ is the strong threat.} 46. Rxc6 Qc1+ (46... Kh7 $1 $14 47. Rxd6 Qc1+ 48. Kh2 Qf4+ 49. Kg1 Qc1+ 50. Kh2 Qf4+ 51.
Kg1 Qc1+ 52. Kh2) 47. Kh2 $16 Qf4+ 48. Kg1 Qc1+ (48... Kh7 $16) 49. Kf2 $18 Ra1 $2 (49... Ra2 50. Qd3 (50. Rxd6+ Kh7 $16) 50... Kh7
51. Qxd6 Rxc2+ 52. Rxc2 Qxc2+ 53. Kg3 h4+ 54. Kxh4 Qxg2) 50. Rxd6+ Kh7 {[%emt 0:00:06] Hoping for ...h4.} 51. Qd2 Qg1+ (51... h4 $142 52. Qxc1 Rxc1) 52. Kg3 Rf1 53. h4 ({Not} 53. Rd5 $2 {[#]} Rf2
$3 54. Qxf2 h4+ 55. Kg4 Qxf2 $19) 53... Qa7 54. Re6 ({Worse is} 54. Qg5 Qf2+ 55. Kh2 Qg1+ 56. Kh3 Rxf3+ 57. gxf3 Qh1+ 58.
Kg3 Qg1+ 59. Kh3 Qh1+ 60. Kg3 Qg1+ 61. Kh3 $11) 54... Qa1 55.
c3 (55. Qg5 $2 {gets mated.} Qe1+ 56. Kh3 Rh1#) 55... Rh1 56. Rxe5 Qg1 57. Rxh5+ {
[%emt 0:00:23] White mates.} Kg6 58. Qg5+ Kf7 59. Qd5+ {[%emt 0:00:23] Weighted Error Value: White=0.09 
(flawless) /Black=0.41} 1-0

[Event "44th Chess Olympiad Open 2022"]
[Site "Chennai"]
[Date "2022.08.01"]
[Round "4.20"]
[White "Supi, Luis Paulo"]
[Black "Hossain, Enamul"]
[Result "1-0"]
[WhiteElo "2603"]
[BlackElo "2377"]
[Annotator "TA"]
[PlyCount "105"]
[EventDate "2022.??.??"]
[TimeControl "60"]

1. e4 e5 2. Nf3 Nf6 3.
Nxe5 d6 4. Nf3 Nxe4 5. d4 d5 6. Bd3 Bd6 7. O-O O-O 8. c4 c6 9. Nc3 Nxc3 10. bxc3 dxc4 11. Bxc4 Bf5 12. Bg5 $1 {[%emt 0:00:31] 12.Bg5 is better than 12.Re1.
C42: Petroff Defence: 3 Nxe5 and unusual White 3rd moves.} Qa5 13. d5 {[%emt 0:00:37] [#] aiming for dxc6.} Be4 14. dxc6 {
[%emt 0:00:26] The position is equal.} Bxf3 15. Qxf3 Nxc6 16. Bd5 Rae8 17. Rad1 Ne7 {[%emt 0:03:33] [#]} 18. h4 $146 ({Predecessor:} 18. Bxe7 Rxe7 19. g3 Qc7 20. h4 g6 21. h5 Kg7 22. Kg2 h6 23.
Rfe1 b6 {½-½ (23) Leoni,R (2267)-Steinke,R (2362) LSS email 2018}) 18... Nxd5 19. Rxd5 Qa6 20.
Rfd1 Be7 21. Qg3 f6 22. Bh6 {[%emt 0:02:37][%csl Gh6][%cal Rg3g7] [#]} Rf7 23. R1d2 Bf8 24. Be3 Qa3 25. R5d3 (25. Rd8 {
keeps more tension.} Rxd8 26. Rxd8 Qxa2 27. Qb8) 25... b6 26.
Qf3 Qa4 27. Rd4 Qb5 28. a4 Qe5 29. Rc4 Rc7 30. Rxc7 Qxc7 31. Qd5+ Qf7 32. Qc6 Re6 33. Qf3 Qc7 34. Qd5 Qf7 (34... Qc6 $11) 35. a5 $1 $14 h5
{[%emt 0:03:02] White stays focused until the end.} 36. a6 Re7 (36... Kh7 $142) 37. Qf3 $16 {[%emt 0:01:49] White is much
more active.} Rc7 (37... Re8 $16) 38. Rd8 $18 Rxc3 (38... Rd7 {was worth a try.} 39. Rxd7 Qxd7) 39. Qb7 Qc7 40. Re8 {[%emt 0:05:04] And now g3 would
win.} Rc6 $2 (40... Qd6) 41. Qa8 Rc1+ 42. Bxc1 Qxc1+ {[%emt 0:00:01] Endgame KQR-KQB
} 43. Kh2 Qf4+ 44. g3 Qxf2+ 45. Qg2 Qc5 46. Rd8 Kh7 47. Rd5 (47. Qa2 b5 48.
Rd5 Qc4 49. Rxh5+ Kg6 50. Qxc4 bxc4 $18) 47... Qc4 48. Rxh5+ Kg6 49. Rh8 ({Less strong is
} 49. Qf3 Qxa6 50. Rd5 Qa2+ 51. Kh3 Kf7 $18) 49... Bc5 50. Qf3
{[%emt 0:00:00][%csl Gh8][%cal Rf3h5] Prevents Qd3.} Qc2+ $2 (
50... Qa2+ 51. Kh3 Qe6+ 52. Qg4+ Qxg4+ 53. Kxg4 f5+ 54. Kf3 Bg1) 51. Kh3 Kf7 52. Qd5+ Ke7 53. Rc8 {[%emt 0:01:25] Weighted Error Value:
White=0.16 (very precise) /Black=0.42} 1-0

[Event "44th Chess Olympiad Open 2022"]
[Site "Chennai"]
[Date "2022.08.01"]
[Round "4.20"]
[White "Mekhitarian, Krikor Sevag"]
[Black "Zia, Tahsin Tajwar"]
[Result "1-0"]
[WhiteElo "2542"]
[BlackElo "2307"]
[Annotator "TA"]
[PlyCount "117"]
[EventDate "2022.??.??"]
[TimeControl "60"]

1. d4 d5 2. c4 e6 3. Nf3 Nf6 4. Nc3 a6 5. cxd5 exd5 6. Bg5 {[%emt 0:00:04] D37: Queen's Gambit Declined: 5 Bf4.}
Be6 7. e3 Nbd7 8. Bd3 {
[%emt 0:00:21] White has an edge.} c6 9. h3 Bd6 10. Bf4 Qc7 11. Bxd6 Qxd6 12. O-O O-O 13. Qb3 Rab8 14. a4 a5 15. Qa3 {[%emt 0:01:51] [#]} Qxa3 $146 ({
Predecessor:} 15... Ne8 16. Rfb1 Qxa3 17. Rxa3 Nd6 18. b4 Ra8 19. b5 c5 20.
dxc5 Nxc5 21. Rd1 Rfd8 {0-1 (63) Giri,A (2764)-Izoria,Z (2602) Chess.com INT
2020}) 16. Rxa3 h6 17. Rb1 Ne8 18. b4 axb4 19. Rxb4 Nd6 20. Ra1 Rfc8 21. Rb2 Ra8 22. Ne5 f6 23. Nxd7 Bxd7 24. g4 Ra7 25. Rab1 Rca8 26. f3 Ra5 27. Kf2 Kf8 28. Ke2 Ke7 29. Rg1 Kf8 30. Kd2 Re8 31. Rb6 Ke7 32. h4 Kd8 33. Rbb1 Kc7 34. Rg2 Re7 35. Rc1 Kb8 36. g5 hxg5 37. hxg5 f5 38. Rh2 Re8 39. Rh7 Rg8 40. Rch1 Kc7 41. Rh8 Raa8 42. Rxg8 Rxg8 43. Ne2 Be8 44. Nf4 Kd7 ({Better is} 44... Kb6 $14) 45. a5 $16 Ke7 46. Kc3 Bd7 47. Ng6+ Kd8 48. Rh7 {[%emt 0:05:14]
White is more active.} (48. Ne5 $142) 48... Be8 {[%emt 0:01:01] Loses the game.
} (48... Nf7 $16 {was worth a try.}) 49. Ne5 Bd7 (49... Kc7 $16 {is a better defense.} 50. Kb4 Kb8) 50. Kb4 $18 Be8 51. Kc5 Kc7 52.
Bc2 Bd7 53. Bb1 Be8 (53... Be6 $16 54. Bc2 Nc8) 54. Bd3 Bd7 {
[%emt 0:00:12] [#]} 55. Ng6 $1 Nf7 56. f4 {
[%emt 0:00:25] Strongly threatening Ne7.} Kd8 {[%emt 0:00:00] Prevents Ne7.} (
56... Nd8 57. Kb4 Kd6) 57. Kb6 (57. Bc2 $142 Be6 58. a6 bxa6
59. Ba4) 57... Nd6 58. Ne5 Nc8+ $2 {[%emt 0:
00:38] [#]} (58... Be8 59. a6 bxa6 60. Nxc6+ (60. Bxa6 Ke7 $16) 60... Kd7) 59.
Kxb7 {[%emt 0:00:21] Weighted Error Value: White=0.10 (very precise) /Black=0.
17 (very precise)} 1-0

[Event "44th Chess Olympiad Open 2022"]
[Site "Chennai"]
[Date "2022.08.01"]
[Round "4.20"]
[White "Rahman, Ziaur"]
[Black "Fier, Alexandr"]
[Result "1-0"]
[WhiteElo "2424"]
[BlackElo "2567"]
[Annotator "TA"]
[PlyCount "125"]
[EventDate "2022.??.??"]
[TimeControl "60"]

1. Nf3 d5 2. g3 g6 3. Bg2 Bg7 4. d4 c6 5. O-O Nf6 6. c4 dxc4 {[%emt 0:00:00] D73: Fianchetto Grünfeld: 5 Nf3 .} 7. a4 Ne4 8. Nc3 {[%emt 0:05:18] White has
compensation.} Nd6 {[%emt 0:05:14] The position is equal.} 9. e4 O-O 10. e5 {[%emt 0:06:04] [#]} (10.
Qe2 {is interesting.} Bg4 11. Rd1 e5 12. dxe5 Bxe5 13. Bf4) 10... Nf5 $146 ({Predecessor:} 10... Ne8 11. Qe2 Nc7 12. Rd1 Nba6 13. a5 Qe8
14. Nd2 Be6 15. Nxc4 Rd8 16. h3 f5 {½-½ (41) Even,R (2474)-Panitevsky,I 
(2535) ICCF email 2019}) 11. g4 Nh6 12. h3 Na6 13. Qe2 Nb4 14. Qxc4 a5 15. Bg5 Kh8 16. Rfd1 Be6 {
[%emt 0:01:02] Inhibits d5.} 17. Qe2 Bb3 18.
Rd2 f6 19. Bh4 Nd5 20. Bg3 f5 21. Ra3 fxg4 22. hxg4 Qb6 (22...
Nxc3 $1 $14 {feels stronger.} 23. bxc3 Be6) 23. Ne4 {[%emt 0:00:00] Threatens
to win with Nc5.} Qb4 (23... Nxg4 $2 24. Nc5 Bxa4 25. Nxa4 $18
) 24. Nfg5 $36 {[%emt 0:04:38] White is more active.} (24. Ne1 $5 ) 24... Bc4 (24... Nf7 $1 $11) 25. Qd1 $16 Nf4 26. Bf1 Bd5 27. Nc3 Bc4 (27... Bg8 $1 $14) 28. Bxc4 Qxc4 29. Nce4 Qd5 (
29... Ne6 $16 30. Rc3 Qd5) 30. f3 $18 Ne6 31.
Nxe6 Qxe6 32. Qb3 Qxb3 33. Rxb3 b5 34. Kg2 ({But not} 34. axb5 $6 cxb5 35. Kg2 b4) 34... bxa4 35.
Ra3 Nf7 36. Rxa4 h5 37. Rc4 hxg4 38. fxg4 Nd8 39. Nc5 {[%emt 0:01:24]
White is more active.} Bh6 40. Re2 Kg8 41. b3 Bf4 (41... Re8 $142
42. Be1 Kf7 43. Rf2+ Kg8) 42. Nd7 $1 Bxg3 43.
Nxf8 ({Weaker is} 43. Kxg3 Rf1 $11) 43... Kxf8 44. Kxg3 {[%emt 0:00:06] Endgame KRR-KRN} Kf7 45. Rf2+ Ke8 46. Rc5 Rb8 47. Rxa5 Rxb3+ 48. Rf3 Rb4 49. d5 cxd5 50. Rxd5 Ne6 {[%emt 0:00:00] [#]} 51. Ra5 $1 {[%emt 0:00:13] Ra8+ is
the strong threat.} Re4 $2 (51... Nd4 52. e6 Nxe6 53. Ra8+ Kd7
54. Rd3+ Nd4) 52. Ra8+ Kd7 53. Rd3+ Rd4 54. Rxd4+ Nxd4 {[%emt 0:00:02]
KR-KN} 55. Rg8 Ke6 56. Rxg6+ Kxe5 57. Kh4 (57. Rb6 $142 Ne6 58. Rb5+ Kf6
59. Kh4 Kg7 60. Rb6 Nf4 61. Kg5 Nd5 62. Rb7) 57... Kf4 {[%emt 0:01:31] [#]} 58.
Kh5 $1 {[%emt 0:00:37] White mates.} Kg3 59. g5 Ne2 60. Kh6 e5 61. Re6 Kf4 62. g6 Nd4 63. Rf6+ {[%emt 0:00:06] Weighted Error Value:
White=0.10 (very precise) /Black=0.48} 1-0

[Event "44th Chess Olympiad Open 2022"]
[Site "Chennai"]
[Date "2022.08.01"]
[Round "4.20"]
[White "Murshed, Niaz"]
[Black "Lima, Darcy"]
[Result "1-0"]
[WhiteElo "2413"]
[BlackElo "2445"]
[Annotator "TA"]
[PlyCount "75"]
[EventDate "2022.??.??"]
[TimeControl "60"]

1. d4 d5 2. Nf3 Nf6 3. c4 dxc4 4. e3 b5 5. a4 b4 6. Bxc4 {[%emt 0:00:
00] D25: Queen's Gambit Accepted: 4 e3: sidelines and 4...Bg4.} e6 7. Nbd2 Bb7 8. a5 {[%emt 0:09:30] White
has an edge.} a6 {[%emt 0:05:56] Inhibits Bb5+.} 9. O-O Be7 10. Qe2 O-O 11. Nb3 Nbd7 12. Bd2 Qb8 13.
Rfc1 Rc8 (13... c5 $11) 14. Bd3 (14. Ne1 $1 $14) 14... c5 15. dxc5 Nxc5 16. Nxc5 Bxc5 {[%emt 0:02:02] [#]} 17. h3
$146 ({Predecessor:} 17. Rc4 Bd5 18. Rh4 Bxf3 19. gxf3 Qe5 20.
Kh1 Qxb2 21. Rb1 Qe5 22. Bxb4 Bxb4 23. Rbxb4 {0-1 (31) Niklasch,O (2235)
-Zimmermann,U (2298) Wuerttemberg 2013}) 17... Qd6 18. Be1 e5 19. Rd1 {[%emt 0:07:55][%cal Yd3h7]
Threatens to win with Bxh7+!} Qe7 {[%emt 0:00:52] Strongly threatening ...e4.}
20. Bc4 h6 {[%emt 0:01:40] Inhibits Ng5.} 21. Rac1 e4 22. Nh4 Kf8 23. Nf5 Qe5 24. Nd4 (24. Ng3 $5 ) 24... Bd6 {[%emt 0:00:
49] ( -> ...Qh2+)} 25. g3 Kg8 26. Nc2 Qe7 27. b3 Rd8 28. Rd4 {[%emt 0:03:45] Rcd1 is the strong threat.} h5 $2 {[%emt 0:00:00]
[#] This move loses the game for Black.} (28... Nd7 $1 $11 {and Black has
nothing to worry.}) 29. Rcd1 $1 $18 h4 {[%emt 0:00:13] [#]} 30. Nxb4 $1 hxg3 {[%emt 0:00:
55] [#]} 31. fxg3 Bxb4 (31... Bc5
{was necessary.}) (31... Be5 32. Rxd8+) 32. Bxb4 Qc7 33. Qf2 {[%emt 0:04:14] Black must now prevent g4.} ({Don't do} 33.
Rxd8+ $6 Rxd8 34. Kh2 (34. Rxd8+ Qxd8 35. Be1 Ne8 $16) 34... Rd7 $16) 33...
Rxd4 34. Rxd4 Bc6 35. Qf4 Qb7 36. Bc3 {[%emt 0:00:11] Hoping for Rd6. A
strong pair of Bishops.} Nh7 $2 (36... Bb5 $18 37. Rd2 Ne8)
37. Rd6 Rc8 38. Rg6 {[%emt 0:02:11] Weighted
Error Value: White=0.08 (flawless) /Black=0.35} 1-0

[Event "44th Chess Olympiad Open 2022"]
[Site "Chennai"]
[Date "2022.08.01"]
[Round "4.21"]
[White "Kuybokarov, Temur"]
[Black "Mieles Palau, Daniel"]
[Result "1-0"]
[WhiteElo "2583"]
[BlackElo "2364"]
[Annotator "TA"]
[PlyCount "59"]
[EventDate "2022.??.??"]
[TimeControl "60"]

1.
e4 c5 2. Nf3 Nc6 3. Bb5 g6 4. O-O Bg7 5. c3 Nf6 6. Re1 O-O 7. d4 cxd4 8.
cxd4 d5 9. e5 Ne4 10. Nc3 Nxc3 11. bxc3 Bf5 {[%emt 0:10:06] B31: Sicilian: 2...Nc6 3 Bb5 g6.} 12. Bxc6 bxc6 13. Ba3 Re8 {[%emt 0:17:45] White
has an edge.} 14. Nd2 {[%emt 0:13:27][%cal Yf3d2,Yd2b3,Yb3c5] [#]} Qa5 $146 ({Predecessor:} 14... Qc8 15. Qe2 a5 16. Nb3 Qa6 17. Qe3 Qd3
18. Qxd3 Bxd3 19. Nc5 Bf5 20. f4 Ra7 {1-0 (61) Shtyrenkov,V-Zhukhovitsky,S
Anapa 1981}) 15. Bb4 Qa6 16. Nb3 Qa4 (16... f6 $14) 17. g4 $16 Bc8 {
[%emt 0:02:10] [#]} 18. Qf3 $1 a5 19. Nc5 Qb5 20. a4 Qc4 21. Ba3 {[%emt 0:00:08] White is much more active. The black rooks are
badly placed.} Rb8 22. h4 $40 {[%emt 0:04:45] White wants a
kill.} Bh6 23. Bc1 {[%emt 0:01:49] Against Bd2} Bf8 24. h5 {[%emt 0:03:33] [#] Strongly threatening hxg6.} Rb3 $2 25. hxg6 $18 hxg6 26. Nxb3 Qxb3 27. Kg2 Be6 (
27... Bg7 $142 28. Bg5 Qc4) 28. Rh1 {[%emt 0:00:32] Threatening mate with Qh3.}
Bg7 29. Qh3 {[%emt 0:02:03] White threatens Qh7+ and mate.}
Qc2 30. Qh7+ {[%emt 0:00:17] Black did not feel at home in
the position after the opening. Weighted Error Value: White=0.01 (flawless) /
Black=0.97. Loss on time!?} 1-0

[Event "44th Chess Olympiad Open 2022"]
[Site "Chennai"]
[Date "2022.08.01"]
[Round "4.21"]
[White "Tan, Justin"]
[Black "Esmeraldas Huachi, Anderson"]
[Result "1-0"]
[WhiteElo "2508"]
[BlackElo "2071"]
[Annotator "RC"]
[PlyCount "63"]
[EventDate "2022.??.??"]
[TimeControl "60"]

1. e4 c6 2. d4 d5 3. e5 c5 4. Nf3 cxd4 5. Nxd4 Nc6 6. Nxc6 bxc6 7. Bd3 e6 8. O-O g6 9. Nd2 Bg7 10. Nf3 Ne7 11. Be3 Qc7 12. c3 c5 13.
Bb5+ Kf8 14. b4 c4 15. Ba4 Bd7 16. Bc2 Nc6 17. Bc5+ Kg8 18. Bd6 Qd8 19. Qd2 Bf8 20. Bxf8 Qxf8 21. Qf4 Qe7 22. h4 h6 23. Rae1 Kg7 24. Re3 Raf8 25. b5 Nd8 26. Nd4 f5 27. exf6+ Qxf6 28. Qc7 Rf7 29. Rf3 Qe7 30. Qe5+ Rf6 31. Rg3 Be8 32. Nf5+ 1-0

[Event "44th Chess Olympiad Open 2022"]
[Site "Chennai"]
[Date "2022.08.01"]
[Round "4.21"]
[White "Matamoros Franco, Carlos S."]
[Black "Smirnov, Anton"]
[Result "0-1"]
[WhiteElo "2459"]
[BlackElo "2600"]
[Annotator "TA"]
[PlyCount "84"]
[EventDate "2022.??.??"]
[TimeControl "60"]

1. Nf3 d5 2. g3 Nd7 3. c4 dxc4 4. Bg2 e5 5. Qa4 Bd6 6. Qxc4 {[%emt 0:01:29] A07:
Réti Opening: New York and Capablanca Systems.} Ngf6 7. d3 O-O 8. O-O {[%emt 0:00:15] The position is
equal.} h6 $5 {[%emt 0:04:48] An interesting side line.} 9. Nbd2 c6 10. b3 Re8 11. Bb2 Qe7 12. Qc2 {[%emt 0:12:12] [#]} Ba3 $146 ({Predecessor:} 12... Nb6 13. Nc4 Nxc4 14. Qxc4 Be6 15. Qc2 Bg4
16. h3 Bxf3 17. Bxf3 Qe6 18. Bg2 e4 19. dxe4 Nxe4 {½-½ (37) Blot, J (2299)
-Colin,V (2336) Le Mans 2002}) 13. Bxa3 Qxa3 14. Nc4 Qc5 15. e3 Qe7 16. e4 c5 17. a3 b6 18. Nh4 g6 19. Qd2 Kh7 20. f4 Ba6 21. Nf3 Bxc4 22. bxc4 Rad8 23. Rae1 Nh5 24. Bh3 exf4 25. gxf4 Nf8 26. e5 (26. Bg4
$1 $11) 26... Ne6 {[%emt 0:02:49] Black converts the advantage convincingly.}
27. Re4 Nhg7 28. Kh1 Nf5 29. Kg1 (29. Ng1 $142) 29... Qd7
$17 30. Rd1 Qa4 31. Qc1 Rd7 {[%emt 0:01:09] Black is more active.} 32. Kf2 (32. Bf1 $17) 32... Red8 $19 33. Bf1 a6 34. Be2 Qc6 35. h4 b5 36. h5 b4 37. Qc2 (37. axb4 $142
cxb4 38. c5) 37... a5 ({Not} 37... bxa3 $2 38. hxg6+ fxg6 39.
Qd2 $19) ({Avoid the trap} 37... gxh5 $2 38. axb4 cxb4 39. Qb1 $19) 38. Bf1 Ned4 39. Nxd4 Nxd4 {[%emt 0:
00:08] The board is on fire.} (39... cxd4 40. Bh3 $17) 40. Qc1 f5 41. Re3 {[%emt 0:00:00] [#]} (41. Rxd4 Rxd4 42. Bg2) 41...
gxh5 ({And not} 41... Qh1 42. Rh3 Qc6 43. Bg2 $11) 42. Bg2 Qg6 {[%emt 0:00:07] Weighted Error Value: White=0.34/Black=0.
04 (flawless)} 0-1

[Event "44th Chess Olympiad Open 2022"]
[Site "Chennai"]
[Date "2022.08.01"]
[Round "4.21"]
[White "Noboa Silva, Kevin"]
[Black "Cheng, Bobby"]
[Result "0-1"]
[WhiteElo "2304"]
[BlackElo "2540"]
[Annotator "TA"]
[PlyCount "80"]
[EventDate "2022.??.??"]
[TimeControl "60"]

1. d4 d5 2. c4 e6 3. Nc3 Nf6 4. cxd5 exd5 5.
Bg5 Bb4 6. e3 h6 7. Bxf6 {[%emt 0:02:03] D35: Queen's Gambit Declined: Exchange
Variation.} Qxf6 8. Qa4+ Nc6 9. Bb5 {[%emt 0:00:45] Threatens to win with Qxb4. The position is equal.} O-O 10. Nge2 a5 11. O-O Ne7 {[%emt 0:02:10] [#]} 12. Bd7 $146 ({
Predecessor:} 12. Bd3 c6 13. e4 dxe4 14. Nxe4 Qg6 15. Qc2 Nd5 16. N4c3 Qf6 17.
Nxd5 cxd5 18. a3 {½-½ (37) Gareyev,T (2587)-Bora,S (2423) Indianapolis 2021})
12... c6 13. Bxc8 Rfxc8 14.
Rac1 Bd6 15. Qc2 Bc7 16. a3 h5 17. e4 dxe4 ({Reject} 17... Qh4 18. e5 $11) 18. Nxe4 Qg6 19. Nc5 Qd6 20. g3 Rab8 21. Rcd1 Rd8 22. Rfe1 Qf6 23. Qe4 Nf5 24. d5 Bb6 25. b4 cxd5 (25... Bxc5 $5
26. bxc5 cxd5 $15) 26. Qf3 g6 ({Better is} 
26... Bxc5 $15 27. bxc5 d4) 27. Nf4 (27. Nc3 $11) 27... Bxc5
$15 28. bxc5 d4 29. Re4 {
[%emt 0:02:33] [#]} (29. Nd3 $15 {is superior.}) 29... Rbc8 $1 $17 30. Nd3 b6 31. cxb6 Qxb6 32. g4 (32. h3 $17) 32... hxg4 $19 33. Rxg4 {[%emt 0:00:07] Strongly threatening Qxf5.} Kf8 34. Nf4 $2 {[%emt 0:01:57] Loses the game.} (34. h4 $17) 34...
Rc3 35. Qe4 Re8 {[%emt 0:00:45] Inhibits Qe5.
} ({Worse is} 35... Rxa3 36. Qe5 Rf3 37. Qh8+ Ke7 38. Qe5+ Kf8 39. Qh8+ Ke7 40.
Qe5+ Kf8 $11) 36. Qd5 Qc6 ({Wrong is} 36...
Rxa3 $2 37. h4 $19) 37. Qxc6 Rxc6 38. Ng2 d3 {[%emt 0:03:40][%cal Yd4d3,Yd3d2] And now ...d2! would win.}
39. Nf4 $2 {[%emt 0:00:56] [#]} (39. h4 {is more resistant.}) 39... Rc1 $3 40. Rxc1 d2 {[%emt 0:00:02] Weighted Error
Value: White=0.33/Black=0.09 (flawless)} 0-1

[Event "44th Chess Olympiad Open 2022"]
[Site "Chennai"]
[Date "2022.08.01"]
[Round "4.22"]
[White "Peralta, Fernando"]
[Black "Greet, Andrew N"]
[Result "1-0"]
[WhiteElo "2591"]
[BlackElo "2392"]
[Annotator "TA"]
[PlyCount "117"]
[EventDate "2022.??.??"]
[TimeControl "60"]

1. d4 e6 2. c4 f5 3. g3 Nf6 4. Bg2 d5 5. Nh3 Bd6 6. O-O O-O 7. Qc2 c6 8. Nf4 {[%emt 0:00:16] A90: Dutch Defence: Miscellaneous and Modern
Stonewall (with ...Bd6).} Qe7 9. Nd3 b6 10. Bf4 {[%emt 0:01:25] [#] The position is equal.} Ba6 $146 ({Predecessor:} 10... Bxf4 11. Nxf4 Bb7 12. Nd2 Nbd7 13. Rac1
Rac8 14. Qa4 a5 15. Qb3 Ba6 16. cxd5 cxd5 {½-½ (34) Sakalauskas,V (2404)
-Zeberski,J (2337) Poronin 2013}) 11. Nd2 Ne4 12. cxd5 cxd5 13. Rfc1 Nd7 {
[%emt 0:00:00] [#]} (13... Bxd3 $11 {remains equal.} 14. Qxd3 Bxf4 15. gxf4 Nd7
) 14. Bxd6 ({White should play} 14. Nxe4 $1 $16 fxe4 15. Qc6)
14... Qxd6 15. Nf3 Rfc8 {[%emt 0:09:23]
Prevents Qc7.} 16. Qa4 Bxd3 17. exd3 Nef6 18. Rc3 Rxc3 19. bxc3 Rc8 20. c4 Rc7 21. Qb3 h6 22. a4 g5 23. Re1 (23.
Rd1 $14) 23... Kg7 (23... g4 {looks sharper.} 24. Nh4 dxc4 25.
dxc4 Qxd4 26. Rxe6 Nc5) 24. Qc3 dxc4 25. dxc4 Ne4 26. Qc1 Qb4 27. Bf1 Ndf6 28. Qa1 g4 29. Nh4 Qd2 30. Re2 Qg5 (30... Qb4 $11) 31. d5 $16 exd5 32. cxd5 Kf7 (32...
Rc3 33. d6 Rc5 34. d7 $18) (32... Kh7 $16) 33. Qe5 (33. d6 $18
Nxd6 34. Qe5 (34. f4 gxf3 35. Nxf3 Qc1 $15)) 33... Re7 34.
Qxf5 Qxf5 $2 {[%emt 0:00:50] A mistake that costs the game.} (
34... Re8 $16 {was necessary.} 35. Rc2 Nc5) 35. Nxf5 $18 Re5 36. Nxh6+ Kg7 {[%emt 0:00:00] [#]} 37. d6 $1 {
[%emt 0:00:48][%cal Yh6g4] Hoping for Nxg4!} Kxh6 38. Bg2 Rd5 {[%emt 0:01:02] And now ...Rd1+ would win.} 39. Bxe4 Rxd6 $16 {[%emt 0:00:07] Endgame KRB-KRN} 40. Bc2 Rc6 41. Kg2 a6 (41...
Rc3 $16 42. h4 gxh3+ 43. Kxh3 Nd5) 42. Bd3 $18 a5 43. Bb5 Rd6 44. h3 gxh3+ 45. Kxh3 Nd5 46. Rc2 {
[%emt 0:02:43] Against Nc3} Kg7 47. Rc8 Kf6 48. Kg2 {[%emt 0:00:00] Strongly threatening f4.} Ke5 (48... Re6 {was worth a try.} 49. f4 Kg7) 49. Rc4 Nf6 50. Rc2 {[%emt 0:05:33] Inhibits Rd2. f4+ is the strong
threat.} Ne4 $2 (50... Rd4 {is a better defense.} 51. f4+ Ke4
52. Re2+ Kd5) 51. f4+ Kf6 52. g4 Nc5 53. Kf3 Nb3
$2 (53... Rd4 54. Re2 Kf7) 54. Rc8 Nd4+ 55. Ke4 Ne6 56. g5+ Ke7 57. Ke5 {[%emt 0:01:00] White mates.} Rd8 58. Rxd8 Nxd8 59. g6 {
[%emt 0:00:38] Weighted Error Value: White=0.13 (very precise) /Black=0.52} 1-0